 Dungeon Crawl Stone Soup version 0.20.0-15-g7f486f2 (webtiles) character file.

79 grindst0ne the Skirmisher (level 4, -3/41 HPs)
             Began as a Ghoul Monk on June 10, 2017.
             Slain by Sigmund
             ... wielding a +1 scythe of flaming
              (5 damage)
             ... on level 2 of the Dungeon.
             The game lasted 00:03:25 (1525 turns).

grindst0ne the Skirmisher (Ghoul Monk)              Turns: 1525, Time: 00:03:26

Health: -3/41      AC:  8    Str: 12 (14) XL:     4   Next: 37%
Magic:  3/3        EV: 11    Int:  8 (9)  God:
Gold:   54         SH:  0    Dex: 15 (17) Spells: 3/3 levels left

rFire    + . .     SeeInvis .     - Unarmed
rCold    + + .     Gourm    .   (no shield)
rNeg     + + +     Faith    .   k - +0 chain mail
rPois    ∞         Spirit   .   (no helmet)
rElec    +         Reflect  .   (no cloak)
rCorr    +         Harm     .   (no gloves)
MR       .....                  (no boots)
Stlth    ..........             (no amulet)
Regen    0.0/turn               i - +4 ring of intelligence
MPRegen  0.1/turn               (no ring)

@: agile, resistant, rotting
A: rotting body, claws 1, carnivore 3, cold resistance 1, negative energy
resistance 3, inhibited regeneration, torment resistance, unbreathing
a: no special abilities


You were on level 2 of the Dungeon.
You were not hungry.

You visited 1 branch of the dungeon, and saw 2 of its levels.

You collected 54 gold pieces.

Inventory:

Armour
 a - a +0 robe
 k - a +0 chain mail (worn)
Jewellery
 i - a +4 ring of intelligence (left claw)
Potions
 c - a potion of lignification
Comestibles
 b - 2 meat rations
 d - a chunk of flesh


   Skills:
 + Level 4.5 Fighting
 - Level 2.6 Dodging
 - Level 2.1 Stealth
 + Level 4.5 Unarmed Combat


You had 3 spell levels left.
You didn't know any spells.

Dungeon Overview and Level Annotations

Branches:
Dungeon (2/15)

Altars:

Annotations:
D:2 Sigmund


Innate Abilities, Weirdness & Mutations

Your body is rotting away.
You thrive on raw meat.
You are immune to poison.
You have sharp fingernails.
You are carnivorous and can eat meat at any time.
Your flesh is cold resistant. (rC+)
You are immune to negative energy. (rN+++)
You do not regenerate when monsters are visible.
You are immune to unholy pain and torment.
You can survive without breathing.


Message History

* * * LOW HITPOINT WARNING * * *
Something burns you.
* * * LOW HITPOINT WARNING * * *
A goblin comes into view. It is wielding a dagger.
The goblin shouts!
Okay, then.
You aren't carrying any spellbooks or scrolls.
You aren't carrying any spellbooks or scrolls.
You scratch the goblin.
The goblin is severely wounded.
The goblin hits you but does no damage.
You closely miss the goblin.
The goblin is severely wounded.
The goblin hits you but does no damage.
You hear some strange, mumbled words.
Something tries to affect you, but you resist.
Your chain mail prevents you from hitting the goblin.
The goblin is severely wounded.
The goblin misses you. Something hits you.
You die...

.####.###...####.........####....
.....).........+.........'.......
.######.#...####.........####....
.# ####..# ##.......## ##... ##
#.# ##.....## ###. # .# ##...##
####. # .# ##+## #.... #
#.########.# #.### # #....g@..#.#
#.### # #.######.#.## #.##. #
####.#### #....### #.### #
.......###......## #.###
#....<.......#.# #....
#........#.##.#########
####.#####.##.......... #.#
#.############ ..# #.#


You could see a goblin.

Vanquished Creatures
  4 adders (D:2)
  An ooze (D:1)
  3 dart slugs
  A leopard gecko (D:1)
  3 bats
  2 giant cockroaches
  6 goblins
  3 hobgoblins
  3 jackals (D:1)
  4 frilled lizards
  2 kobolds
  3 rats (D:1)
35 creatures vanquished.

Notes
Turn   | Place    | Note
-------+----------+-------------------------------------------
     0 | D:1      | grindst0ne the Ghoul Monk began the quest for the Orb.
     0 | D:1      | Reached XP level 1. HP: 19/19 MP: 0/0
   429 | D:1      | Reached XP level 2. HP: 26/26 MP: 1/1
   829 | D:1      | Reached XP level 3. HP: 23/33 MP: 2/2
  1332 | D:2      | Reached XP level 4. HP: 41/41 MP: 3/3
  1337 | D:2      | Noticed Sigmund
  1516 | D:2      | HP: 2/41 [something (2)]
  1525 | D:2      | Slain by Sigmund

Skill      XL: |  1  2  3 |
---------------+----------+-----
Fighting       | 4 |  4.5
Unarmed Combat | 4 |  4.5
Dodging        | |  2.6
Stealth        | |  2.1

Action                   |  1- 3 |  4- 6 || total
-------------------------+-------+-------++-------
Melee: Unarmed           |   109 |    35 ||   144
       Punch             |     1 |     3 ||     4
  Use: Scroll            |       |     4 ||     4
       Potion            |       |     4 ||     4
 Stab: Sleeping          |     1 |       ||     1
  Eat: Chunk             |     6 |       ||     6
Armor: Robe              |     6 |       ||     6
       Chain mail        |    36 |    43 ||    79
Dodge: Dodged            |    37 |    20 ||    57
